 Dungeon Crawl Stone Soup version 0.20-a0-29-g41cc41e (webtiles) character file.

1995 Ifrit the Cleaver (level 9, 52/64 HPs)
             Began as a Demonspawn Fighter on Nov 6, 2016.
             Was a Follower of Qazlal.
             Quit the game on level 6 of the Dungeon on Nov 7, 2016.
             The game lasted 00:10:33 (5245 turns).

Ifrit the Cleaver (Demonspawn Fighter)              Turns: 5245, Time: 00:10:34

Health: 52/64      AC: 12    Str: 17    XL:     9   Next: 1%
Magic:  9/9        EV:  6    Int: 12    God:    Qazlal [*.....]
Gold:   135        SH: 10    Dex: 13    Spells: 0 memorised, 8 levels left

rFire  + . .     SeeInvis .     y - +1 hand axe (elec)
rCold  . . .     Gourm    .     r - +0 chain mail {rPois}
rNeg   . . .     Faith    +     c - +0 shield
rPois  +         Spirit   .     (no helmet)
rElec  .         Reflect  .     m - +0 cloak
rCorr  .         Harm     .     (no gloves)
MR     +....                    (no boots)
Stlth  ..........               h - amulet of faith
                                u - +2 ring of protection
                                k - ring of protection from magic

@: no status effects
A: talons 2, repulsion field 1, fire resistance 1, powered by death 2, flame
cloud immunity
a: Renounce Religion


You were on level 6 of the Dungeon.
You worshipped Qazlal.
Qazlal was aware of your devotion.
You were not hungry.

You visited 2 branches of the dungeon, and saw 7 of its levels.

You collected 135 gold pieces.

Inventory:

Hand Weapons
 a - a +0 war axe
 y - a +1 hand axe of electrocution (weapon)
Armour
 c - a +0 shield (worn)
 m - a +0 cloak (worn)
 r - a +0 chain mail of poison resistance (worn)
 D - a +0 plate armour
Jewellery
 h - an amulet of faith (around neck)
 k - a ring of protection from magic (left hand)
 o - an uncursed ring of resist corrosion
 u - a +2 ring of protection (right hand)
 w - an uncursed ring of poison resistance
Wands
 C - a wand of heal wounds (5/9)
Scrolls
 b - 2 scrolls of enchant weapon
 e - 2 scrolls of amnesia
 g - 4 scrolls of identify
 i - 2 scrolls of magic mapping {unknown}
 j - 2 scrolls of remove curse
 l - a scroll of recharging {unknown}
 p - 2 scrolls of teleportation {unknown}
 s - 4 scrolls of blinking {unknown}
 t - a scroll of enchant armour {unknown}
 z - a scroll of fog {unknown}
Potions
 d - 2 potions of might
 q - 4 potions of cure mutation
 x - 2 potions of haste
 A - a potion of magic
 B - 4 potions of curing
 E - 2 potions of heal wounds
Books
 F - a book of Clouds

   Spells                             Type                      Level
   a - Mephitic Cloud                 Conjuration/Poison/Air       3
   b - Conjure Flame                  Conjuration/Fire             3
   c - Poisonous Cloud                Conjuration/Poison/Air       6
   d - Freezing Cloud                 Conjuration/Ice/Air          6
   e - Ring of Flames                 Charms/Fire                  7
Comestibles
 f - 9 bread rations
 n - 7 meat rations


   Skills:
 - Level 3.2 Fighting
 + Level 10.7 Axes
 - Level 2.8 Armour
 - Level 2.7 Shields


You had 8 spell levels left.
You didn't know any spells.

Dungeon Overview and Level Annotations

Branches:
Dungeon (6/15)             Temple (1/1) D:5

Altars:
Ashenzari
Cheibriados
Dithmenos
Elyvilon
Fedhas
Gozag
Hepliaklqana
Kikubaaqudgha
Makhleb
Nemelex Xobeh
Okawaru
Qazlal
Ru
Sif Muna
Trog
Uskayaw
Xom
Yredelemnul
Zin


Innate Abilities, Weirdness & Mutations

You have razor-sharp toenails.
You are surrounded by a mild repulsion field. (EV +2)
Your flesh is heat resistant. (rF+)
You regenerate health from kills.
You are immune to clouds of flame.


Message History

The wyvern zombie is lightly damaged.
The wyvern zombie bites you.
You hit the wyvern zombie but do no damage.
The wyvern zombie is lightly damaged.
The wyvern zombie bites you but does no damage.
The wyvern zombie bites you.
You slash the wyvern zombie!
There is a sudden explosion of sparks!
The wyvern zombie is heavily damaged.
You slash the wyvern zombie!
The wyvern zombie is severely damaged.
You block the wyvern zombie's attack. The wyvern zombie bites you.
You hit the wyvern zombie.
There is a sudden explosion of sparks!
You destroy the wyvern zombie!
Qazlal accepts your kill.
You have reached level 9!
Your experience leads to an increase in your attributes!
Increase (S)trength, (I)ntelligence, or (D)exterity?
You feel clever.
Your demonic ancestry asserts itself...
You begin to radiate repulsive energy.
Are you sure you want to abandon this character and quit the game? (Confirm with "yes".)

...... ## ......
..## # ....#
...###. ....## ...
..# .....###.#
#.## .........#
#@# ........# #.#
(.......## ##.#
..#####..# ##.##
..# #..#####.##
..## ##......####
...####..#####...#
.........# ##.####
......#..###.##


There were no monsters in sight!

Vanquished Creatures
  The ghost of Atlas the Shield-Bearer, a novice FoFi of Hepliaklqana (D:5)
  Grinder (D:5)
  Eustachio (D:4)
  Menkaure (D:5)
  2 ice beasts (D:6)
  An ogre (D:5)
  A bullfrog (D:6)
  A wyvern zombie (D:6)
  2 scorpions
  3 howler monkeys
  2 crimson imps
  2 orc priests
  A hound (D:6)
  7 orc wizards
  Jessica (D:2)
  An iguana (D:5)
  5 worker ants
  7 adders
  An ooze (D:3)
  3 worms
  2 leopard geckos
  18 orcs
  A ball python (D:4)
  5 giant cockroaches
  7 goblins
  6 hobgoblins
  13 jackals
  2 quokkas (D:3)
  11 bats
  3 frilled lizards
  A giant cockroach zombie (D:5)
  8 kobolds
  A quokka skeleton (D:5)
  A quokka zombie (D:6)
  5 rats
128 creatures vanquished.

Notes
Turn   | Place    | Note
-------+----------+-------------------------------------------
     0 | D:1      | Ifrit the Demonspawn Fighter began the quest for the Orb.
     0 | D:1      | Reached XP level 1. HP: 18/18 MP: 1/1
   331 | D:1      | Reached skill level 2 in Axes
   347 | D:1      | Gained mutation: You regenerate a little health from kills. [demonic ancestry]
   347 | D:1      | Reached XP level 2. HP: 24/24 MP: 2/2
   846 | D:2      | Reached skill level 3 in Axes
   846 | D:2      | Gained mutation: You have sharp toenails. [demonic ancestry]
   846 | D:2      | Reached XP level 3. HP: 18/29 MP: 3/3
  1059 | D:2      | Found a snail-covered altar of Cheibriados.
  1376 | D:2      | Noticed Jessica
  1393 | D:2      | Killed Jessica
  1393 | D:2      | Gained mutation: You regenerate health from kills. [demonic ancestry]
  1393 | D:2      | Reached XP level 4. HP: 27/35 MP: 4/4
  1458 | D:2      | Found a sparkling altar of Nemelex Xobeh.
  1938 | D:3      | Reached skill level 4 in Axes
  2100 | D:3      | Gained mutation: Your flesh is heat resistant. (rF+) [demonic ancestry]
  2100 | D:3      | Reached XP level 5. HP: 35/41 MP: 5/5
  2310 | D:3      | Found a white marble altar of Elyvilon.
  2395 | D:3      | Reached skill level 5 in Axes
  2531 | D:3      | Found a faded altar of an unknown god.
  2692 | D:3      | Upgraded the game from 0.20-a0-19-gd4fea00 to 0.20-a0-29-g41cc41e
  2912 | D:4      | Noticed Eustachio
  2922 | D:4      | Killed Eustachio
  2922 | D:4      | Reached XP level 6. HP: 47/47 MP: 6/6
  2987 | D:4      | Reached skill level 6 in Axes
  3137 | D:4      | Found an opulent altar of Gozag.
  3272 | D:5      | Entered Level 5 of the Dungeon
  3272 | D:5      | Noticed Grinder
  3277 | D:5      | Killed Grinder
  3277 | D:5      | Reached skill level 7 in Axes
  3277 | D:5      | Gained mutation: You are immune to clouds of flame. [demonic ancestry]
  3277 | D:5      | Reached XP level 7. HP: 40/52 MP: 7/7
  3289 | D:5      | Noticed Atlas's ghost (novice FoFi)
  3300 | D:5      | Killed Atlas's ghost
  3300 | D:5      | Reached skill level 8 in Axes
  3407 | D:5      | Noticed Menkaure
  3411 | D:5      | Killed Menkaure
  3411 | D:5      | Gained mutation: You have razor-sharp toenails. [demonic ancestry]
  3411 | D:5      | Reached XP level 8. HP: 58/58 MP: 8/8
  3431 | D:5      | Reached skill level 9 in Axes
  3572 | D:5      | Found a staircase to the Ecumenical Temple.
  3667 | Temple   | Entered the Ecumenical Temple
  3735 | Temple   | Became a worshipper of Qazlal Stormbringer
  3915 | D:5      | Found a basalt altar of Yredelemnul.
  4461 | D:6      | Found a burning altar of Makhleb.
  4461 | D:6      | Noticed a blizzard demon
  4472 | D:6      | Reached skill level 10 in Axes
  4781 | D:6      | Found a shimmering altar of Xom.
  4782 | D:6      | Found a hazy altar of Hepliaklqana.
  4782 | D:6      | Noticed a hell beast
  4783 | D:6      | Noticed a spectral ugly thing
  4783 | D:6      | Noticed a hell beast
  4845 | D:6      | Reached * piety under Qazlal
  5244 | D:6      | Gained mutation: You are surrounded by a mild repulsion field. (EV +2) [demonic ancestry]
  5244 | D:6      | Reached XP level 9. HP: 52/64 MP: 9/9
  5245 | D:6      | Quit the game

Vault maps used:
D:1:      saegor_arrival_simple_a
D:2:      old_standard_altar, marbit_many_paths, first_bread, uniq_jessica
D:3:      ecumenical_altar_2, elyvilon_altar_1
D:4:      grunt_gozag_statues, minmay_parallelograms, uniq_eustachio
D:5:      old_standard_altar, uniq_grinder, uniq_menkaure
D:6:      regret_index_temple_of_mockery, makhleb_altar_promises_db,
          item_on_display_a
Temple:   hc_temple_tempest_star

Skill      XL: |  1  2  3  4  5  6  7  8 |
---------------+-------------------------+-----
Axes           | 2 3 4 5 7 8 10 | 10.7
Fighting       | |  3.2
Armour         | |  2.8
Shields        | |  2.7

Action                   |  1- 3 |  4- 6 |  7- 9 || total
-------------------------+-------+-------+-------++-------
Melee: War axe           |   129 |   127 |       ||   256
       Kick              |     7 |    42 |    29 ||    78
       Hand axe          |       |    39 |   125 ||   164
  Use: Scroll            |       |     6 |     4 ||    10
       Potion            |       |     1 |       ||     1
  Eat: Chunk             |     2 |     6 |     3 ||    11
       Beef jerky        |       |       |     2 ||     2
Armor: Scale mail        |    64 |       |       ||    64
       Chain mail        |    23 |   117 |    46 ||   186
Dodge: Dodged            |    34 |    29 |    17 ||    80
Block: Shield            |    82 |    91 |    34 ||   207
